 Dungeon Crawl Stone Soup version 0.26-a0-651-gb41185065b (webtiles) character file.

Game seed: 11125927366643765933

4755 Ozzies the Fighter (level 10, -6/85 HPs)
             Began as a Gnoll Wanderer on Oct 3, 2020.
             Was a Priest of Makhleb.
             Mangled by Harold
             ... wielding a +0 dire flail
              (13 damage)
             ... on level 9 of the Dungeon.
             The game lasted 00:27:56 (9319 turns).

Ozzies the Fighter (Gnoll Wanderer)                 Turns: 9319, Time: 00:27:57

Health: -6/85      AC:  5    Str: 21    XL:     10   Next: 46%
Magic:  17/17      EV: 11    Int: 11    God:    Makhleb [***...]
Gold:   479        SH:  5    Dex: 15    Spells: 19/19 levels left

rFire    . . .     SeeInvis +   E - +7 flail
rCold    . . .     Faith    .   (no shield)
rNeg     . . .     Spirit   .   G - +0 chain mail
rPois    .         Reflect  +   (no helmet)
rElec    .         Harm     .   (no cloak)
rCorr    .         Rampage  .   (no gloves)
MR       .....                  (no boots)
Stlth    ..........             z - amulet of reflection
HPRegen  0.24/turn              (no ring)
MPRegen  0.15/turn              s - ring of see invisible

@: marked, corroded
A: distributed training, fangs 1, strong nose
a: Minor Destruction, Lesser Servant of Makhleb, Renounce Religion


You were on level 9 of the Dungeon.
You worshipped Makhleb.
Makhleb was most pleased with you.
You visited 1 branch of the dungeon, and saw 9 of its levels.

You collected 479 gold pieces.

Inventory:

Hand Weapons
 b - the +8 dagger of Prudence {vorpal, rC- rN+++ Str+3 Dex+2}
   (You found it on level 6 of the Dungeon)

   It inflicts extra damage upon your enemies.
   It affects your strength (+3).
   It affects your dexterity (+2).
   It makes you vulnerable to cold.
   It renders you almost immune to negative energy.
 i - a +4 dagger
 E - a +7 flail (weapon)
Missiles
 p - 242 stones
 y - 3 curare-tipped darts (quivered)
 J - a throwing net
 N - 3 atropa-tipped darts
Armour
 D - a +1 plate armour
 G - a +0 chain mail (worn)
Jewellery
 l - an uncursed ring of stealth
 m - an uncursed ring of ice
 s - a ring of see invisible (right hand)
 z - an amulet of reflection (around neck)
 F - an uncursed ring of ice
Wands
 k - a wand of polymorph (11)
 q - a wand of disintegration (17)
 v - a wand of random effects (12)
 w - a wand of digging (4)
 x - a wand of flame (5)
 P - a wand of acid (8)
Scrolls
 d - a scroll of random uselessness {unknown}
 f - a scroll of enchant weapon
 h - a scroll of remove curse
 j - 7 scrolls of amnesia
 r - 3 scrolls of blinking
 t - 2 scrolls of identify
 A - 4 scrolls of teleportation
 B - a scroll of fear
 I - 2 scrolls of magic mapping
Potions
 a - a potion of ambrosia {unknown}
 c - 5 potions of curing
 e - a potion of heal wounds {unknown}
 g - 4 potions of might
 n - 2 potions of berserk rage
 o - a potion of flight {unknown}
 u - a potion of invisibility {unknown}
 C - 2 potions of lignification
 K - 2 potions of brilliance {unknown}
 L - a potion of magic {unknown}
 M - a potion of haste {unknown}
 O - 3 potions of cancellation {unknown}


   Skills:
 + Level 10.0 Fighting
 + Level 5.3 Short Blades
 + Level 5.3 Long Blades
 + Level 5.3 Axes
 + Level 5.3 Maces & Flails
 + Level 5.3 Polearms
 + Level 7.1 Staves
 + Level 5.3 Slings
 + Level 5.3 Bows
 + Level 5.3 Crossbows
 + Level 5.3 Throwing
 + Level 5.3 Armour
 + Level 6.0 Dodging
 + Level 6.8 Stealth
 + Level 5.3 Shields
 + Level 5.3 Unarmed Combat
 + Level 5.3 Spellcasting
 + Level 4.3 Conjurations
 + Level 4.3 Hexes
 + Level 4.3 Summonings
 + Level 4.3 Necromancy
 + Level 4.3 Translocations
 + Level 4.3 Transmutations
 + Level 4.3 Fire Magic
 + Level 4.3 Ice Magic
 + Level 4.3 Air Magic
 + Level 4.3 Earth Magic
 + Level 4.3 Poison Magic
 + Level 5.8 Invocations
 + Level 6.0 Evocations


You had 19 spell levels left.
You didn't know any spells.
Your spell library contained the following spells:

 Spells                   Type           Power        Failure   Level
 Freeze                   Ice            ##..         28%         1
 Shock                    Conj/Air       ##..         28%         1
 Swiftness                Air            ##......     41%         2
 Frozen Ramparts          Ice            ##....       65%         3
 Ozocubu's Armour         Ice            ##......     65%         3
 Static Discharge         Conj/Air       ##......     65%         3
 Airstrike                Air            ##........   96%         4
 Hailstorm                Conj/Ice       ##......     96%         4
 Summon Ice Beast         Ice/Summ       ##......     96%         4
 Lightning Bolt           Conj/Air       ##........   100%        5


Dungeon Overview and Level Annotations

Branches:
Dungeon (9/15)             Temple (0/1) D:6            Lair (0/6) D:8
    Orc: D:9-12

Altars:
Elyvilon
Fedhas
Gozag
Kikubaaqudgha
Makhleb
Nemelex Xobeh
Uskayaw
Wu Jian
Yredelemnul
Zin

Shops:
D:4 (

Annotations:
D:2 Sigmund
D:9 Harold


Innate Abilities, Weirdness & Mutations

Your experience applies equally to all skills.
You have very sharp teeth.
Your uncanny sense of smell can sniff out nearby items.


Message History

Harold says, "I was hoping my final job would be more of a challenge, but money is money."
Harold hits you with a +0 dire flail!
* * * LOW HITPOINT WARNING * * *
You sock Harold!
Harold is severely wounded.
Harold gestures at you while chanting. The mark upon you grows brighter.
You sock Harold!
Harold is almost dead.
Harold zaps a wand.
The bolt of acid hits you!
* * * LOW HITPOINT WARNING * * *
The acid corrodes you!
You are splashed with acid!
* * * LOW HITPOINT WARNING * * *
You feel better.
Harold says, "Do you have any idea what people are willing to pay to have you killed, Ozzies?"
Harold hits you with a +0 dire flail!
* * * LOW HITPOINT WARNING * * *
Unknown command.
You feel better. Harold hits you with a +0 dire flail!
You die...

####### #### #........#
..... #........#
#####...... #........#
##.(@@..(...
##.....!..###.)###......
..........#.(.## .....
#........#.### ....
#........).# >..
#........### ..
#....(...# # ###.######
#..#


You could see Harold.

Vanquished Creatures
  Joseph (D:9)
  Maggie (D:6)
  Grinder (D:3)
  A hippogriff (D:7)
  A wraith (D:7)
  The ghost of p0werm0de the Skirmisher, an amateur MiFi (D:3)
  Edmund (D:4)
  A hornet zombie (D:7)
  An orc warrior (D:9)
  4 ice beasts
  A phantom (D:6)
  A black bear (D:8)
  2 sky beasts (D:5)
  2 necrophages
  2 ogres
  4 centaurs
  An elf zombie (D:7)
  A big kobold (D:7)
  4 bullfrogs
  A scorpion (D:4)
  A howler monkey (D:7)
  A wight (D:6)
  5 human zombies (D:7)
  A jelly (D:5)
  6 orc priests
  A gnoll shaman (D:4)
  2 hounds
  4 orc wizards
  A centaur skeleton (D:5)
  5 worker ants
  A bullfrog skeleton (D:5)
  Ijyb (D:3)
  Natasha (thrice) (D:2)
  4 iguanas
  A killer bee zombie (D:5)
  A hound skeleton (D:4)
  2 mummies (D:7)
  A howler monkey zombie (D:5)
  4 gnolls
  8 adders
  2 shadow imps
  2 white imps
  3 ufetubi
  An ooze (D:3)
  3 worms (D:2)
  5 dart slugs
  2 leopard geckos
  10 orcs
  5 giant cockroaches
  11 goblins
  4 hobgoblins
  11 jackals
  A quokka (D:7)
  A ball python (D:2)
  7 bats
  A frilled lizard (D:1)
  A jackal skeleton (D:4)
  11 kobolds
  2 orc zombies (D:7)
  A quokka zombie (D:5)
  6 rats (D:1)
175 creatures vanquished.

Vanquished Creatures (others)
  An orc wizard (D:9)
1 creature vanquished.

Grand Total: 176 creatures vanquished

Notes
Turn   | Place    | Note
-------+----------+-------------------------------------------
     0 | D:1      | Ozzies the Gnoll Wanderer began the quest for the Orb.
     0 | D:1      | Ozzies set off with the following items: a +2 quarterstaff,
                  | a +0 short sword, a potion of curing, a +0 robe, a +0
                  | dagger
     0 | D:1      | Reached XP level 1. HP: 26/26 MP: 1/1
   277 | D:1      | Reached XP level 2. HP: 30/33 MP: 2/2
   486 | D:1      | Reached XP level 3. HP: 32/38 MP: 3/3
   748 | D:1      | Reached skill level 1 in Invocations
  1155 | D:2      | Noticed Natasha
  1164 | D:2      | Killed Natasha
  1164 | D:2      | Reached skill level 1 in Short Blades
  1164 | D:2      | Reached skill level 1 in Long Blades
  1164 | D:2      | Reached skill level 1 in Axes
  1164 | D:2      | Reached skill level 1 in Maces & Flails
  1164 | D:2      | Reached skill level 1 in Polearms
  1164 | D:2      | Reached skill level 1 in Slings
  1164 | D:2      | Reached skill level 1 in Bows
  1164 | D:2      | Reached skill level 1 in Crossbows
  1164 | D:2      | Reached skill level 1 in Throwing
  1164 | D:2      | Reached skill level 1 in Armour
  1164 | D:2      | Reached skill level 1 in Shields
  1164 | D:2      | Reached skill level 1 in Unarmed Combat
  1164 | D:2      | Reached skill level 1 in Spellcasting
  1164 | D:2      | Reached XP level 4. HP: 25/45 MP: 5/5
  1544 | D:2      | Reached skill level 1 in Conjurations
  1544 | D:2      | Reached skill level 1 in Hexes
  1544 | D:2      | Reached skill level 1 in Summonings
  1544 | D:2      | Reached skill level 1 in Necromancy
  1544 | D:2      | Reached skill level 1 in Translocations
  1544 | D:2      | Reached skill level 1 in Transmutations
  1544 | D:2      | Reached skill level 1 in Fire Magic
  1544 | D:2      | Reached skill level 1 in Ice Magic
  1544 | D:2      | Reached skill level 1 in Air Magic
  1544 | D:2      | Reached skill level 1 in Earth Magic
  1544 | D:2      | Reached skill level 1 in Poison Magic
  1592 | D:2      | Noticed Natasha
  1599 | D:2      | Killed Natasha
  1599 | D:2      | Reached XP level 5. HP: 34/51 MP: 5/7
  1605 | D:2      | Noticed Natasha
  1613 | D:2      | Killed Natasha
  1805 | D:2      | Found a blossoming altar of Fedhas.
  1805 | D:2      | Found a white marble altar of Elyvilon.
  1810 | D:2      | Found a faded altar of an unknown god.
  1812 | D:2      | Found a sparkling altar of Nemelex Xobeh.
  1813 | D:2      | Found a burning altar of Makhleb.
  1828 | D:2      | Became a worshipper of Makhleb the Destroyer
  1994 | D:2      | Found a hide-covered altar of Uskayaw.
  2089 | D:2      | Noticed Sigmund
  2190 | D:3      | Noticed Grinder
  2446 | D:3      | Noticed Ijyb
  2455 | D:3      | Killed Ijyb
  2618 | D:3      | Paralysed by Grinder for 6 turns
  2638 | D:3      | Killed Grinder
  2638 | D:3      | Reached skill level 5 in Staves
  2638 | D:3      | Reached XP level 6. HP: 19/57 MP: 7/9
  2940 | D:3      | Found a runed translucent gate.
  2940 | D:3      | Found a runed translucent gate.
  2940 | D:3      | Found a runed translucent gate.
  2944 | D:3      | Noticed p0werm0de's ghost (amateur MiFi)
  2968 | D:3      | Killed p0werm0de's ghost
  2968 | D:3      | Reached XP level 7. HP: 53/63 MP: 10/10
  3254 | D:4      | Noticed Edmund
  3274 | D:4      | Killed Edmund
  3274 | D:4      | Reached skill level 5 in Stealth
  3274 | D:4      | Reached skill level 9 in Fighting
  3275 | D:4      | Found an opulent altar of Gozag.
  3489 | D:4      | Found an ancient bone altar of Kikubaaqudgha.
  3698 | D:4      | Found Kuagad's Antique Weapon Emporium.
  3808 | D:4      | Reached XP level 8. HP: 71/71 MP: 12/12
  4031 | D:5      | Entered Level 5 of the Dungeon
  4137 | D:5      | Reached * piety under Makhleb
  4161 | D:5      | HP: 2/71 [orc priest/divine providence (10)]
  5590 | D:5      | Found an ornate altar of the Wu Jian Council.
  5849 | D:5      | Found a glowing silver altar of Zin.
  5930 | D:5      | Reached XP level 9. HP: 76/76 MP: 14/14
  6108 | D:6      | Noticed Maggie
  6121 | D:6      | Found a staircase to the Ecumenical Temple.
  6623 | D:6      | Killed Maggie
  6623 | D:6      | Reached skill level 5 in Dodging
  6623 | D:6      | Reached skill level 5 in Evocations
  6630 | D:6      | Reached ** piety under Makhleb
  6953 | D:6      | Got a shimmering dagger
  6953 | D:6      | Identified the +8 dagger of Prudence {vorpal, rC- rN+++
                  | Str+3 Dex+2} (You found it on level 6 of the Dungeon)
  7251 | D:7      | Reached skill level 5 in Invocations
  7566 | D:7      | Found a burning altar of Makhleb.
  7659 | D:7      | Reached XP level 10. HP: 27/85 MP: 17/17
  8216 | D:7      | Reached skill level 5 in Short Blades
  8216 | D:7      | Reached skill level 5 in Long Blades
  8216 | D:7      | Reached skill level 5 in Axes
  8216 | D:7      | Reached skill level 5 in Maces & Flails
  8216 | D:7      | Reached skill level 5 in Polearms
  8216 | D:7      | Reached skill level 5 in Slings
  8216 | D:7      | Reached skill level 5 in Bows
  8216 | D:7      | Reached skill level 5 in Crossbows
  8216 | D:7      | Reached skill level 5 in Throwing
  8216 | D:7      | Reached skill level 5 in Armour
  8216 | D:7      | Reached skill level 5 in Shields
  8216 | D:7      | Reached skill level 5 in Unarmed Combat
  8216 | D:7      | Reached skill level 5 in Spellcasting
  8309 | D:7      | Found a basalt altar of Yredelemnul.
  8526 | D:8      | Found a staircase to the Lair.
  8710 | D:8      | Reached *** piety under Makhleb
  9231 | D:9      | Reached skill level 10 in Fighting
  9263 | D:9      | Noticed Joseph
  9278 | D:9      | Killed Joseph
  9296 | D:9      | Noticed Harold
  9317 | D:9      | HP: 3/85 [acid (10)]
  9318 | D:9      | HP: 1/85 [Harold/+0 dire flail (10)]
  9319 | D:9      | Mangled by Harold

Illustrated notes

Levels and vault maps discovered:
D:1:      wander_arrival_estate, layout_basic
D:2:      layout_rooms, overflow_temple_1_default,
          chequers_temple_overflow_minitemple, uniq_natasha, uniq_sigmund
D:3:      layout_rooms, ebering_ghost_rock_garden, uniq_grinder, uniq_ijyb
D:4:      layout_gridville, lemuel_round_altar, lemuel_doored_altar,
          serial_shops, shop, uniq_edmund
D:5:      minmay_spotlight, layout_rooms, nicolae_overflow_crystal_walls,
          nicolae_overflow_hidden_temple
D:6:      layout_cave_pools, minmay_temple_entry_trees,
          hangedman_abyss_or_decor_stabs, kennysheep_small_circle, uniq_maggie
D:7:      layout_basic, lemuel_mausoleum_altar_yredelemnul, basic_altar
D:8:      layout_loops_corners, lair_entry_dummy
D:9:      layout_roguey, hiddenorc2_lemuel, kennysheep_generic_room_8,
          uniq_psyche, uniq_joseph, uniq_harold, uniq_gastronok

Skill      XL: |  1  2  3  4  5  6  7  8  9 10 |
---------------+-------------------------------+-----
Invocations    | 1 2 3 4 5 |  5.8
Short Blades   | 1 2 3 4 5 |  5.3
Long Blades    | 1 2 3 4 5 |  5.3
Axes           | 1 2 3 4 5 |  5.3
Maces & Flails | 1 2 3 4 5 |  5.3
Polearms       | 1 2 3 4 5 |  5.3
Slings         | 1 2 3 4 5 |  5.3
Bows           | 1 2 3 4 5 |  5.3
Crossbows      | 1 2 3 4 5 |  5.3
Throwing       | 1 2 3 4 5 |  5.3
Armour         | 1 2 3 4 5 |  5.3
Shields        | 1 2 3 4 5 |  5.3
Unarmed Combat | 1 2 3 4 5 |  5.3
Spellcasting   | 1 2 3 4 5 |  5.3
Conjurations   | 1 2 3 4 |  4.3
Hexes          | 1 2 3 4 |  4.3
Summonings     | 1 2 3 4 |  4.3
Necromancy     | 1 2 3 4 |  4.3
Translocations | 1 2 3 4 |  4.3
Transmutations | 1 2 3 4 |  4.3
Fire Magic     | 1 2 3 4 |  4.3
Ice Magic      | 1 2 3 4 |  4.3
Air Magic      | 1 2 3 4 |  4.3
Earth Magic    | 1 2 3 4 |  4.3
Poison Magic   | 1 2 3 4 |  4.3
Dodging        | 3 4 5 6 |  6.0
Evocations     | 3 4 5 6 |  6.0
Staves         | 5 6 7 |  7.1
Stealth        | 5 6 |  6.8
Fighting       | 9 10 | 10.0

Action                   |  1- 3 |  4- 6 |  7- 9 | 10-12 || total
-------------------------+-------+-------+-------+-------++-------
Melee: Quarterstaff      |    27 |       |       |       ||    27
       Dagger            |    36 |    17 |     7 |       ||    60
       Bite              |     3 |    10 |    42 |    25 ||    80
       Hand axe          |     8 |    82 |    14 |       ||   104
       Punch             |       |     1 |     7 |     4 ||    12
       Flail             |       |       |   264 |   151 ||   415
Throw: Dart              |       |     3 |     3 |     5 ||    11
       Stone             |       |     2 |       |       ||     2
  Use: Potion            |       |     1 |     2 |     2 ||     5
       Scroll            |       |       |    15 |       ||    15
 Stab: Sleeping          |    11 |     1 |       |       ||    12
       Distracted        |     1 |       |       |       ||     1
Armor: Robe              |     7 |       |       |       ||     7
       Scale mail        |       |    19 |     1 |       ||    20
       Chain mail        |       |       |   161 |    45 ||   206
       Skin              |       |       |     8 |       ||     8
Dodge: Dodged            |    43 |    48 |   183 |    52 ||   326
Block: Other             |       |     7 |    98 |    25 ||   130
       Reflection        |       |       |     1 |     2 ||     3

Table legend: (Time is in decaauts)
 A = Elapsed time spent in this place.
 B = Non-inter-level travel time spent in this place.
 C = Inter-level travel time spent in this place.
 D = Time resting spent in this place.
 E = Time spent auto-exploring this place.
 F = Levels seen in this place.
 G = Mean time per level.
                   A        B        C        D        E       F      G
               +--------+--------+--------+--------+--------+-----+--------+
         Total |   9465 |   9213 |    252 |    894 |   6642 |   9 | 1051.7 |
       Dungeon |   9465 |   9213 |    252 |    894 |   6642 |   9 | 1051.7 |
               +--------+--------+--------+--------+--------+-----+--------+

Top non-repeatable levels by time:
     D:4: 1927 daAuts
     D:1: 1434 daAuts
     D:5: 1167 daAuts
     D:6: 1108 daAuts
     D:3: 1079 daAuts
     D:7: 1062 daAuts
     D:8: 816 daAuts
     D:2: 747 daAuts
     D:9: 121 daAuts
